 Dungeon Crawl Stone Soup version 0.20-a0-1009-gc986637 (webtiles) character file.

5127 KravKorr the Cleaver (level 10, -5/86 HPs)
             Began as a Minotaur Fighter on Apr 15, 2017.
             Was a Follower of Wu Jian.
             Slain by a spiny frog (13 damage)
             ... on level 1 of the Lair of Beasts.
             The game lasted 00:10:23 (7379 turns).

KravKorr the Cleaver (Minotaur Fighter)             Turns: 7379, Time: 00:10:23

Health: -5/86      AC: 11    Str: 23    XL:     10   Next: 33%
Magic:  9/9        EV:  8    Int:  5    God:    Wu Jian [*.....]
Gold:   450        SH: 11    Dex: 11    Spells: 9/9 levels left

rFire    . . .     SeeInvis +   B - +2 war axe (chop)
rCold    . . .     Gourm    .   c - +0 shield
rNeg     . . .     Faith    .   D - +0 chain mail
rPois    +         Spirit   .   (helmet restricted)
rElec    .         Reflect  .   (no cloak)
rCorr    .         Harm     .   (no gloves)
MR       .....                  (no boots)
Stlth    ..........             L - amulet of regeneration
Regen    0.7/turn               j - ring of poison resistance
MPRegen  0.2/turn               r - ring of see invisible

@: no status effects
A: retaliatory headbutt, horns 2
a: Renounce Religion


You were on level 1 of the Lair of Beasts.
You worshipped Wu Jian.
Wu Jian was aware of your devotion.
You were very hungry.

You visited 3 branches of the dungeon, and saw 10 of its levels.
You also visited: Ossuary.

You collected 450 gold pieces.

Inventory:

Hand Weapons
 a - a +0 war axe
 B - a +2 war axe of chopping (weapon)
 Q - a +2 hand axe of venom
Armour
 b - a +0 scale mail
 c - a +0 shield (worn)
 D - a +0 chain mail (worn)
Jewellery
 j - a ring of poison resistance (left hand)
 r - a ring of see invisible (right hand)
 L - an amulet of regeneration (around neck)
 M - an uncursed amulet of rage {unknown}
Wands
 y - a wand of scattershot (4/9)
 J - a wand of confusion (23/48)
 N - a wand of scattershot (2/9)
 R - a wand of polymorph (11/24)
Scrolls
 g - 7 scrolls of identify {unknown}
 h - 2 scrolls of enchant weapon {unknown}
 i - 7 scrolls of teleportation {unknown}
 k - 6 scrolls of amnesia {unknown}
 o - 4 scrolls of remove curse {unknown}
 t - 4 scrolls of magic mapping {unknown}
 u - 4 scrolls of immolation {unknown}
 w - 4 scrolls of fog {unknown}
 A - a scroll of fear {unknown}
 C - a scroll of noise {unknown}
 F - a scroll of enchant armour {unknown}
 H - 2 scrolls of blinking {unknown}
 I - a scroll of summoning {unknown}
Potions
 d - 2 potions of might
 e - 2 potions of ambrosia {unknown}
 l - 3 potions of brilliance {unknown}
 m - 2 potions of degeneration {unknown}
 p - 4 potions of lignification {unknown}
 q - 2 potions of curing {unknown}
 s - a potion of experience {unknown}
 x - a potion of cancellation {unknown}
 z - a potion of heal wounds {unknown}
 E - 5 potions of mutation {unknown}
 G - a potion of agility {unknown}
 K - 3 potions of haste {unknown}
Books
 P - a book of Debilitation

   Spells                             Type                      Level
   a - Corona                         Hexes                        1
   b - Slow                           Hexes                        2
   c - Inner Flame                    Hexes/Fire                   3
   d - Portal Projectile              Hexes/Translocation          3
   e - Cause Fear                     Hexes                        4
   f - Leda's Liquefaction            Hexes/Earth                  4
Comestibles
 f - 10 bread rations
 n - 5 meat rations
 v - 4 royal jellies
 O - 4 fruits


   Skills:
 + Level 7.3 Fighting
 + Level 13.0 Axes
 + Level 8.4 Armour
 + Level 4.5 Dodging
 + Level 7.0 Shields


You had 9 spell levels left.
You didn't know any spells.

Dungeon Overview and Level Annotations

Branches:
Dungeon (8/15)             Temple (1/1) D:5            Lair (1/6) D:8

Altars:
Ashenzari
Cheibriados
Dithmenos
Fedhas
Hepliaklqana
Kikubaaqudgha
Makhleb
Nemelex Xobeh
Okawaru
Qazlal
Ru
Sif Muna
Trog
Uskayaw
Vehumet
Wu Jian
Xom
Yredelemnul
Zin
The Shining One

Shops:
D:8 *


Innate Abilities, Weirdness & Mutations

You reflexively headbutt those who attack you in melee.
You have a pair of horns on your head.


Message History

You kill the wolf!
The Council accepts your kill.
Your Shields skill increases to level 7!
You hit the spiny frog. You headbutt the spiny frog.
The spiny frog is lightly wounded.
You block the spiny frog's attack. The spiny frog stings you!
* * * LOW HITPOINT WARNING * * *
You slash the spiny frog! Your headbutt misses the spiny frog.
The spiny frog is heavily wounded.
The spiny frog stings you!
* * * LOW HITPOINT WARNING * * *
You hit the spiny frog. You headbutt the spiny frog.
The spiny frog is severely wounded.
You block the spiny frog's attack.
Unknown command.
Your shield and chain mail prevent you from hitting the spiny frog.
You headbutt the spiny frog.
The spiny frog is severely wounded.
You slash the bullfrog! The spiny frog stings you!
You die...

...>... ....... # .......
##.. ...... ..... #....
###...## #.... #.....
......# #...# #.....##†....#
##...## #..⌠..F@.....#
#....P# ⌠..#.....#F.†..##
#....# ..........#.....#
#....# # .......⌠.......##
##...### ..............##
###....... ##(.⌠..>..⌠...#
##.........
............######.......##.
#....⌠...## #....##...### .
#......## ##....##...#


You could see a spiny frog and a bullfrog.

Vanquished Creatures
  The ghost of Deemzul the Chopper, a novice NaFi (D:4)
  A spiny frog (Lair:1)
  A hippogriff (D:7)
  Sigmund (D:3)
  A spriggan (D:8)
  2 hungry ghosts (D:7)
  A water moccasin (Lair:1)
  A porcupine (Lair:1)
  A phantom (D:8)
  A black bear (D:6)
  A necrophage (D:6)
  6 wolves (Lair:1)
  An ice beast (D:6)
  4 ogres
  A centaur (D:7)
  A crocodile (Lair:1)
  A bullfrog (D:6)
  12 scorpions
  A water moccasin skeleton (D:4)
  2 howler monkeys
  2 crimson imps
  A centaur zombie (Ossuary)
  A jelly (D:8)
  10 orc priests
  13 orc wizards
  9 worker ants
  3 big kobold zombies (Ossuary)
  2 mummies (Ossuary)
  A worker ant zombie (D:6)
  A howler monkey skeleton (D:5)
  17 adders
  3 scorpion zombies (Ossuary)
  A shadow imp (D:8)
  An ooze (D:1)
  A worm (D:4)
  An adder skeleton (D:4)
  8 leopard geckos
  32 orcs
  5 giant cockroaches
  2 gnoll zombies (Ossuary)
  8 goblins
  10 hobgoblins
  5 jackals
  9 kobolds
  4 quokkas
  2 ball pythons
  7 bats
  5 frilled lizards
  2 goblin zombies
  2 hobgoblin zombies (Ossuary)
  A kobold zombie (Ossuary)
  An orc zombie (Ossuary)
  A quokka zombie (D:5)
  6 rats
218 creatures vanquished.

Vanquished Creatures (others)
  A mummy (Ossuary)
  An orc zombie (Ossuary)
2 creatures vanquished.

Grand Total: 220 creatures vanquished

Notes
Turn   | Place    | Note
-------+----------+-------------------------------------------
     0 | D:1      | KravKorr the Minotaur Fighter began the quest for the Orb.
     0 | D:1      | Reached XP level 1. HP: 19/19 MP: 0/0
    57 | D:1      | Reached skill level 3 in Axes
   118 | D:1      | Reached XP level 2. HP: 21/26 MP: 1/1
   160 | D:1      | Reached skill level 4 in Axes
   313 | D:1      | Reached XP level 3. HP: 30/31 MP: 2/2
   890 | D:2      | Reached skill level 5 in Axes
   896 | D:2      | Reached XP level 4. HP: 25/39 MP: 3/3
   915 | D:2      | Found an ancient bone altar of Kikubaaqudgha.
   964 | D:2      | Found a faded altar of an unknown god.
  1171 | D:2      | Found a snail-covered altar of Cheibriados.
  1318 | D:3      | Reached skill level 6 in Axes
  1339 | D:3      | Reached XP level 5. HP: 9/45 MP: 4/4
  1685 | D:3      | Reached skill level 7 in Axes
  2043 | D:3      | Found a hazy altar of Hepliaklqana.
  2049 | D:3      | Reached XP level 6. HP: 52/52 MP: 5/5
  2087 | D:3      | Noticed Sigmund
  2098 | D:3      | Killed Sigmund
  2098 | D:3      | Reached skill level 1 in Dodging
  2183 | D:4      | Found a glowing golden altar of the Shining One.
  2242 | D:4      | Reached skill level 8 in Axes
  2242 | D:4      | Reached XP level 7. HP: 48/59 MP: 6/6
  2402 | D:4      | Found a basalt altar of Yredelemnul.
  2530 | D:4      | Noticed Deemzul's ghost (novice NaFi)
  2551 | D:4      | Killed Deemzul's ghost
  2551 | D:4      | Reached skill level 9 in Axes
  2551 | D:4      | Reached skill level 5 in Armour
  2551 | D:4      | Reached skill level 5 in Shields
  2551 | D:4      | Reached XP level 8. HP: 14/67 MP: 7/7
  2933 | D:4      | Reached skill level 5 in Fighting
  2959 | D:5      | Entered Level 5 of the Dungeon
  3004 | D:5      | Found a shattered altar of Ashenzari.
  3036 | D:5      | Found a sand-covered staircase.
  3049 | Ossuary  | Entered an ossuary
  3089 | Ossuary  | Reached skill level 10 in Axes
  3436 | Ossuary  | Reached XP level 9. HP: 60/75 MP: 8/8
  3672 | D:5      | Reached skill level 11 in Axes
  3930 | D:5      | Found an iron altar of Okawaru.
  4086 | D:5      | Found a staircase to the Ecumenical Temple.
  4182 | Temple   | Entered the Ecumenical Temple
  4212 | Temple   | Became a worshipper of the Wu Jian Council
  5880 | D:7      | Found a shimmering altar of Xom.
  5880 | D:7      | Found a shimmering altar of Xom.
  5880 | D:7      | Found a shimmering altar of Xom.
  5881 | D:7      | Found a shimmering altar of Xom.
  5883 | D:7      | Found a shimmering altar of Xom.
  5883 | D:7      | Found a shimmering altar of Xom.
  5883 | D:7      | Found a shimmering altar of Xom.
  5883 | D:7      | Found a shimmering altar of Xom.
  5883 | D:7      | Found a shimmering altar of Xom.
  6103 | D:7      | Reached skill level 12 in Axes
  6118 | D:7      | Reached * piety under Wu Jian
  6222 | D:7      | Found a sparkling altar of Nemelex Xobeh.
  6557 | D:8      | Found a staircase to the Lair.
  6647 | D:8      | Found a sacrificial altar of Ru.
  6733 | D:8      | Found Zin's Purification Station.
  6736 | D:8      | Found a glowing silver altar of Zin.
  6931 | D:8      | Reached XP level 10. HP: 84/84 MP: 9/9
  7006 | D:8      | Found a radiant altar of Vehumet.
  7262 | Lair:1   | Entered Level 1 of the Lair of Beasts
  7311 | Lair:1   | Noticed a spiny frog
  7319 | Lair:1   | Killed a spiny frog
  7357 | Lair:1   | Noticed a spiny frog
  7369 | Lair:1   | Reached skill level 13 in Axes
  7379 | Lair:1   | Slain by a spiny frog

Vault maps used:
D:1:      dpeg_arrival_round_c
D:2:      lemuel_crystal_altar, kiku_gazebo_garden_becter,
          chequers_ecumenical_altar_island, minmay_pentomino_u4
D:3:      lemuel_round_altar, uniq_sigmund
D:4:      lemuel_crystal_altar, lemuel_round_altar, first_bread
D:5:      okawaru_altar_gauntlet_db, minmay_temple_entry_nine_rooms,
          basic_altar, enter_ossuary_4, kennysheep_nondescript
D:6:      lemuel_flame_loot_1
D:7:      xom_redecorated, lemuel_crystal_altar, kennysheep_generic_room_5
D:8:      kennysheep_mini, zin_purify, overflow_temple_1_default,
          lair_entry_dummy, the_bakery
Temple:   chequers_temple_sunken
Lair:1:   serial_bayou_pond_e, grunt_megastairs_3, uniq_harold
Ossuary:  ossuary_minmay_scorpions

Skill      XL: |  1  2  3  4  5  6  7  8  9 10 |
---------------+-------------------------------+-----
Axes           | 3 4 5 6 7 8 9 10 12 13 | 13.0
Armour         | 4 5 6 8 |  8.4
Dodging        | 1 2 3 4 |  4.5
Shields        | 4 5 6 7 |  7.0
Fighting       | 4 6 7 |  7.3

Action                   |  1- 3 |  4- 6 |  7- 9 | 10-12 || total
-------------------------+-------+-------+-------+-------++-------
Melee: War axe           |    83 |   116 |   303 |    66 ||   568
       Headbutt          |     9 |    18 |    54 |     9 ||    90
  Use: Potion            |       |       |     1 |       ||     1
  Eat: Chunk             |       |     5 |    18 |       ||    23
Armor: Scale mail        |    43 |    43 |    65 |     5 ||   156
       Chain mail        |       |       |       |    16 ||    16
Dodge: Dodged            |    30 |    27 |    89 |    18 ||   164
Block: Shield            |    40 |    50 |   125 |    27 ||   242
